 Dungeon Crawl Stone Soup version 0.20.2-3-g29329e0561 (webtiles) character file.

373 Alfie the Shield-Bearer (level 6, -5/53 HPs)
             Began as a Hill Orc Fighter on Jan 4, 2024.
             Shot with an arrow by a centaur (8 damage)
             ... on level 5 of the Dungeon on Jan 8, 2024.
             The game lasted 00:09:24 (3148 turns).

Alfie the Shield-Bearer (Hill Orc Fighter)          Turns: 3148, Time: 00:09:25

Health: -5/53      AC:  7    Str: 21    XL:     6   Next: 72%
Magic:  6/6        EV: 11    Int: 11    God:
Gold:   68         SH:  9    Dex: 10    Spells: 4/5 levels left

rFire    . . .     SeeInvis .   a - +0 rapier
rCold    . . .     Gourm    .   c - +0 shield
rNeg     . . .     Faith    .   b - +0 scale mail
rPois    .         Spirit   .   (no helmet)
rElec    .         Reflect  .   (no cloak)
rCorr    .         Harm     .   (no gloves)
MR       .....                  (no boots)
Stlth    ..........             q - amulet of rage
Regen    0.2/turn               e - +3 ring of intelligence
MPRegen  0.1/turn               v - +3 ring of evasion

@: no status effects
A: no striking features
a: Evoke Berserk Rage


You were on level 5 of the Dungeon.
You were not hungry.

You visited 1 branch of the dungeon, and saw 5 of its levels.

You collected 158 gold pieces.
You spent 90 gold pieces at shops.

Inventory:

Hand Weapons
 a - a +0 rapier (weapon)
Missiles
 i - 6 tomahawks (quivered)
Armour
 b - a +0 scale mail (worn)
 c - a +0 shield (worn)
Jewellery
 e - a +3 ring of intelligence (left hand)
 l - an uncursed ring of flight {unknown}
 o - an uncursed ring of positive energy {unknown}
 q - an amulet of rage (around neck)
 v - a +3 ring of evasion (right hand)
Scrolls
 d - 2 scrolls of identify {unknown}
 f - a scroll of enchant weapon {unknown}
 g - 3 scrolls of magic mapping {unknown}
 h - 2 scrolls of teleportation
 j - 2 scrolls of recharging {unknown}
 k - 5 scrolls of remove curse {unknown}
 p - a scroll of fog {unknown}
 r - a scroll of immolation {unknown}
Potions
 m - a potion of might
 t - 4 potions of curing
Comestibles
 n - 2 bread rations
 s - a meat ration


   Skills:
 + Level 4.6 Fighting
 + Level 4.3 Short Blades
 + Level 0.1 Throwing
 + Level 4.6 Armour
 + Level 0.5 Dodging
 + Level 0.5 Stealth
 + Level 4.9 Shields


You had 4 spell levels left.
You knew the following spells:

 Your Spells              Type           Power        Failure   Level  Hunger
a - Corona                Hex            #......      98%         1    ##.....


Dungeon Overview and Level Annotations

Branches:
Dungeon (5/15)
 Temple: D:4-7

Altars:
Cheibriados
Dithmenos
Fedhas
Nemelex Xobeh
Xom
Zin


Message History

You hit the ice beast.
You kill the ice beast!
There is a shadowy altar of Dithmenos here.
You now have 57 gold pieces (gained 7).
There is a shadowy altar of Dithmenos here.
You now have 68 gold pieces (gained 11).
Found a stone staircase leading down.
You open the door.
There is an open door here.
Found 25 arrows.
A jackal skeleton comes into view.
A jackal skeleton is nearby!
You puncture the jackal skeleton!
You destroy the jackal skeleton!
You see here 25 arrows.
A centaur comes into view.
The centaur wields a shortbow.
The centaur shoots an arrow.
The arrow hits you!
* * * LOW HITPOINT WARNING * * *
The centaur shoots an arrow.
The arrow hits you!
You die...

... c### .. ... ..#
... .. .. #.#.# ...
#.# #@### #.(.# .#
#...# .# #...# .#
#...##.# ######....#.#
#.........#.#
###.###.###...########
#. #. ##..........


You could see a centaur.

Vanquished Creatures
  An ice beast (D:5)
  The ghost of Alfie the Skirmisher, a weakling HOFi (D:3)
  A hound (D:4)
  2 worker ants (D:4)
  4 adders
  An ooze (D:2)
  2 worms (D:2)
  13 dart slugs
  2 leopard geckos
  An orc (D:4)
  6 giant cockroaches
  9 goblins
  14 hobgoblins
  2 jackals (D:1)
  5 kobolds
  3 quokkas
  10 bats
  3 frilled lizards
  A jackal skeleton (D:5)
  10 rats
91 creatures vanquished.

Vanquished Creatures (others)
  A frilled lizard (D:3)
1 creature vanquished.

Grand Total: 92 creatures vanquished

Notes
Turn   | Place    | Note
-------+----------+-------------------------------------------
     0 | D:1      | Alfie the Hill Orc Fighter began the quest for the Orb.
     0 | D:1      | Reached XP level 1. HP: 19/19 MP: 1/1
    85 | D:1      | Reached XP level 2. HP: 27/27 MP: 2/2
   286 | D:1      | Reached XP level 3. HP: 30/33 MP: 3/3
   896 | D:2      | Reached XP level 4. HP: 19/40 MP: 4/4
  1013 | D:2      | Found a shimmering altar of Xom.
  1563 | D:3      | Learned a level 1 spell: Corona
  1716 | D:3      | Noticed Alfie's ghost (weakling HOFi)
  1732 | D:3      | Killed Alfie's ghost
  1732 | D:3      | Reached XP level 5. HP: 23/46 MP: 5/5
  2232 | D:4      | Reached XP level 6. HP: 12/53 MP: 6/6
  2475 | D:4      | Found Zin's Purification Station.
  2483 | D:4      | Found a glowing silver altar of Zin.
  2498 | D:4      | Bought a potion of curing for 90 gold pieces
  2805 | D:4      | Found a sparkling altar of Nemelex Xobeh.
  2824 | D:4      | Found a snail-covered altar of Cheibriados.
  2824 | D:4      | Found a blossoming altar of Fedhas.
  3091 | D:5      | Entered Level 5 of the Dungeon
  3092 | D:5      | Found a shadowy altar of Dithmenos.
  3094 | D:5      | Noticed an ice beast
  3112 | D:5      | Killed an ice beast
  3148 | D:5      | Shot with an arrow by a centaur

Skill      XL: |  1  2  3  4  5  6 |
---------------+-------------------+-----
Shields        | 4 |  4.9
Fighting       | 4 |  4.6
Short Blades   | 3 4 |  4.3
Armour         | 4 |  4.6
Throwing       | |  0.1
Dodging        | |  0.5
Stealth        | |  0.5

Action                   |  1- 3 |  4- 6 || total
-------------------------+-------+-------++-------
Melee: Rapier            |   131 |   229 ||   360
Throw: Tomahawk          |       |    12 ||    12
  Use: Potion            |       |     2 ||     2
       Scroll            |       |     1 ||     1
  Eat: Bread ration      |       |     1 ||     1
       Fruit             |       |     3 ||     3
       Royal jelly       |       |     1 ||     1
Armor: Scale mail        |    41 |   118 ||   159
Dodge: Dodged            |    23 |    87 ||   110
Block: Shield            |    62 |   123 ||   185
